3R
FRANKLIN FIRE @ AMARILLO WARHEADS
07/28/2033
 
TOP OF THE 1ST
Franklin Fire batting - Pitching for Amarillo Warheads : LHP Rafael Quiñones
Pitching: LHP Rafael Quiñones
Batting: RHB Dan Lewis 0-0: Ball
1-0: Ball
2-0: Ball
3-0: Base on Balls
Batting: RHB Peter Holland 0-0: Ball
1-0: Called Strike
1-1: Foul Ball, location: 2F
1-2: Foul Ball, location: 2F
1-2: Ball
2-2: Strikes out swinging
Batting: RHB Djakapura Makanamaikai 0-0: Ball
Dan Lewis steals 2nd base
1-0: Foul Ball, location: 2F
1-1: SINGLE (Groundball, 6MD)
Dan Lewis to third
Runner from 3rd tries for Home, SAFE, no throw
Batting: LHB Mitchell Pate 0-0: Ball
1-0: Ball
2-0: Fielders Choice at 2nd, 4-6 (Groundball, 4)
Batting: RHB Thomas Flyer 0-0: Called Strike
0-1: Ball
1-1: Called Strike
1-2: Ball
Mitchell Pate steals 2nd base
2-2: Strikes out swinging
Top of the 1st over - 1 run, 1 hit, 0 errors, 1 left on base; Franklin 1 - Amarillo 0
BOTTOM OF THE 1ST
Amarillo Warheads batting - Pitching for Franklin Fire : RHP Guo-qing Mak
Pitching: RHP Guo-qing Mak
Batting: SHB Damien Monroe 0-0: Called Strike
0-1: Ball
1-1: Ball
2-1: Swinging Strike
2-2: Foul Ball, location: 2F
2-2: Ball
3-2: Strikes out swinging
Batting: RHB Joe Rodgers 0-0: Called Strike
0-1: SINGLE (Groundball, 6M) (infield hit)
Batting: LHB Fernando Guillén 0-0: Ball
1-0: SINGLE (Line Drive, 89S)
Joe Rodgers to second
Batting: SHB John Wilder 0-0: Ball
1-0: SINGLE (Groundball, 56D)
Joe Rodgers to third
Fernando Guillén to second
Runner from 3rd tries for Home, SAFE, no throw
Batting: RHB Kiyohira Kan 0-0: Ball
1-0: Called Strike
1-1: Fielders Choice at 2nd, 1-6 (Groundball, 13)
Fernando Guillén to third
Batting: RHB Geoff May 0-0: Ball
1-0: Fly out, F8 (Flyball, 89S)
Bottom of the 1st over - 1 run, 3 hits, 0 errors, 2 left on base; Franklin 1 - Amarillo 1
TOP OF THE 2ND
Franklin Fire batting - Pitching for Amarillo Warheads : LHP Rafael Quiñones
Batting: RHB Ricardo Cardona 0-0: Called Strike
0-1: Ball
1-1: Ball
2-1: Called Strike
2-2: Strikes out swinging
Batting: LHB Wilson Hernández 0-0: Called Strike
0-1: Foul Ball, location: 2F
0-2: Ball
1-2: Ball
2-2: Fly out, F4 (Popup, 13)
Batting: RHB Shannon L. Alder 0-0: Foul Ball, location: 2F
0-1: Ball
1-1: Swinging Strike
1-2: Fly out, F9 (Flyball, 89M)
Top of the 2nd over - 0 runs, 0 hits, 0 errors, 0 left on base; Franklin 1 - Amarillo 1
BOTTOM OF THE 2ND
Amarillo Warheads batting - Pitching for Franklin Fire : RHP Guo-qing Mak
Batting: RHB John Steele 0-0: Ball
1-0: Swinging Strike
1-1: Ball
2-1: Ball
3-1: Called Strike
3-2: Strikes out swinging
Batting: SHB Takechi Yamashita 0-0: Foul Ball, location: 2F
0-1: Ground out 4-3 (Groundball, 4D)
Batting: RHB Kevin Bates 0-0: Called Strike
0-1: SINGLE (Line Drive, 56)
Batting: SHB Damien Monroe 0-0: Called Strike
0-1: Ball
1-1: Ball
2-1: Swinging Strike
Passed Ball!
Kevin Bates to second
2-2: Ball
3-2: Ground out 4-3 (Groundball, 4M)
Bottom of the 2nd over - 0 runs, 1 hit, 0 errors, 1 left on base; Franklin 1 - Amarillo 1
TOP OF THE 3RD
Franklin Fire batting - Pitching for Amarillo Warheads : LHP Rafael Quiñones
Batting: LHB Kent Maxwell 0-0: Ball
1-0: Swinging Strike
1-1: Swinging Strike
1-2: Foul Ball, location: 2F
1-2: Strikes out swinging
Batting: RHB Dan Lewis 0-0: Ground out 6-3 (Groundball, 6)
Batting: RHB Peter Holland 0-0: Ball
1-0: Foul Ball, location: 2F
1-1: Fly out, F9 (Flyball, 9)
Top of the 3rd over - 0 runs, 0 hits, 0 errors, 0 left on base; Franklin 1 - Amarillo 1
BOTTOM OF THE 3RD
Amarillo Warheads batting - Pitching for Franklin Fire : RHP Guo-qing Mak
Batting: RHB Joe Rodgers 0-0: Swinging Strike
0-1: Ball
1-1: Swinging Strike
1-2: Ball
2-2: Strikes out swinging
Batting: LHB Fernando Guillén 0-0: Ball
1-0: Foul Ball, location: 2F
1-1: Ball
2-1: Ball
3-1: Ground out 4-3 (Groundball, 4)
Batting: SHB John Wilder 0-0: Ball
1-0: Ball
2-0: Fly out, F8 (Flyball, 8RM)
Bottom of the 3rd over - 0 runs, 0 hits, 0 errors, 0 left on base; Franklin 1 - Amarillo 1
TOP OF THE 4TH
Franklin Fire batting - Pitching for Amarillo Warheads : LHP Rafael Quiñones
Batting: RHB Djakapura Makanamaikai 0-0: Swinging Strike
0-1: Called Strike
0-2: Ball
1-2: Ball
2-2: Strikes out swinging
Batting: LHB Mitchell Pate 0-0: Foul Ball, location: 2F
0-1: Ball
1-1: Ball
2-1: Swinging Strike
2-2: Ball
3-2: Strikes out looking
Batting: RHB Thomas Flyer 0-0: Foul Ball, location: 2F
0-1: Ball
1-1: Called Strike
1-2: Ball
2-2: SINGLE (Groundball, 4D)
Batting: RHB Ricardo Cardona 0-0: Fly out, F9 (Flyball, 9LMF)
Top of the 4th over - 0 runs, 1 hit, 0 errors, 1 left on base; Franklin 1 - Amarillo 1
BOTTOM OF THE 4TH
Amarillo Warheads batting - Pitching for Franklin Fire : RHP Guo-qing Mak
Batting: RHB Kiyohira Kan 0-0: Fly out, F6 (Line Drive, 6)
Batting: RHB Geoff May 0-0: Ball
1-0: Fly out, F9 (Flyball, 89D)
Batting: RHB John Steele 0-0: Called Strike
0-1: DOUBLE (Flyball, 8LXD)
Batting: SHB Takechi Yamashita 0-0: Ball
1-0: Called Strike
1-1: Ground out 6-3 (Groundball, 56D)
Bottom of the 4th over - 0 runs, 1 hit, 0 errors, 1 left on base; Franklin 1 - Amarillo 1
TOP OF THE 5TH
Franklin Fire batting - Pitching for Amarillo Warheads : LHP Rafael Quiñones
Batting: LHB Wilson Hernández 0-0: Ball
1-0: Swinging Strike
1-1: Called Strike
1-2: Ball
2-2: Ground out 6-3 (Groundball, 6)
Batting: RHB Shannon L. Alder 0-0: Foul Ball, location: 2F
0-1: Swinging Strike
0-2: Foul Ball, location: 2F
0-2: Ball
1-2: Ground out 4-3 (Groundball, 4)
Batting: LHB Kent Maxwell 0-0: Ball
1-0: Foul Ball, location: 2F
1-1: Foul Ball, location: 2F
1-2: Foul Ball, location: 2F
1-2: Foul Ball, location: 2F
1-2: Ball
2-2: Fly out, F8 (Flyball, 8LD)
Top of the 5th over - 0 runs, 0 hits, 0 errors, 0 left on base; Franklin 1 - Amarillo 1
BOTTOM OF THE 5TH
Amarillo Warheads batting - Pitching for Franklin Fire : RHP Guo-qing Mak
Batting: RHB Kevin Bates 0-0: Called Strike
0-1: Ball
1-1: Ball
2-1: Ground out 3-1 (Groundball, 34S)
Batting: SHB Damien Monroe 0-0: Foul Ball, location: 2F
0-1: Swinging Strike
0-2: Fly out, F5 (Line Drive, 56)
Batting: RHB Joe Rodgers 0-0: Ball
1-0: Called Strike
1-1: Foul Ball, location: 2F
1-2: Foul Ball, location: 2F
1-2: Ball
2-2: Foul Ball, location: 2F
2-2: Foul Ball, location: 2F
2-2: Foul Ball, location: 2F
2-2: Ball
3-2: Base on Balls
Batting: LHB Fernando Guillén 0-0: Ball
1-0: Fly out, F9 (Flyball, 9S)
Bottom of the 5th over - 0 runs, 0 hits, 0 errors, 1 left on base; Franklin 1 - Amarillo 1
TOP OF THE 6TH
Franklin Fire batting - Pitching for Amarillo Warheads : LHP Rafael Quiñones
Batting: RHB Dan Lewis 0-0: Ball
1-0: SINGLE (Groundball, 56S) (infield hit)
Batting: RHB Peter Holland 0-0: Ball
1-0: Grounds into double play, 6-4-3 (Groundball, 6)
Batting: RHB Djakapura Makanamaikai 0-0: Swinging Strike
0-1: Ground out 1-3 (Groundball, 13)
Top of the 6th over - 0 runs, 1 hit, 0 errors, 0 left on base; Franklin 1 - Amarillo 1
BOTTOM OF THE 6TH
Amarillo Warheads batting - Pitching for Franklin Fire : RHP Guo-qing Mak
Batting: SHB John Wilder 0-0: Swinging Strike
0-1: Swinging Strike
0-2: Ball
1-2: Ball
2-2: Strikes out looking
Batting: RHB Kiyohira Kan 0-0: Fly out, F3 (Popup, 3SF)
Batting: RHB Geoff May 0-0: Called Strike
0-1: Fly out, F9 (Flyball, 9S)
Bottom of the 6th over - 0 runs, 0 hits, 0 errors, 0 left on base; Franklin 1 - Amarillo 1
TOP OF THE 7TH
Franklin Fire batting - Pitching for Amarillo Warheads : LHP Rafael Quiñones
Batting: LHB Mitchell Pate 0-0: Called Strike
0-1: Foul Ball, location: 2F
0-2: Foul Ball, location: 2F
0-2: Ball
1-2: Foul Ball, location: 2F
1-2: Ground out 4-3 (Groundball, 4)
Batting: RHB Thomas Flyer 0-0: Ball
1-0: DOUBLE (Line Drive, 78D)
Batting: RHB Ricardo Cardona 0-0: Fly out, F3 (Popup, 3SF)
Batting: LHB Wilson Hernández 0-0: Intentional Walk
Batting: RHB Shannon L. Alder 0-0: Called Strike
0-1: Ball
1-1: Reached on error, E6 (Groundball, 6S)
Thomas Flyer to third
Wilson Hernández to second
Pinch Hitting: SHB Govaart Baars 0-0: Ball
1-0: Called Strike
1-1: Called Strike
1-2: Foul Ball, location: 2F
1-2: Ball
2-2: Strikes out swinging
Top of the 7th over - 0 runs, 1 hit, 1 error, 3 left on base; Franklin 1 - Amarillo 1
BOTTOM OF THE 7TH
Amarillo Warheads batting - Pitching for Franklin Fire : RHP Guo-qing Mak
Now at 1B: Govaart Baars
Batting: RHB John Steele 0-0: Ball
1-0: Foul Ball, location: 2F
1-1: Ball
2-1: Foul Ball, location: 2F
2-2: SINGLE (Line Drive, 56)
Batting: SHB Takechi Yamashita 0-0: Ball
John Steele is caught stealing 2nd base
1-0: Ball
2-0: Ball
3-0: Called Strike
3-1: Fly out, F7 (Flyball, 7S)
Batting: RHB Kevin Bates 0-0: Ball
1-0: Ball
2-0: Called Strike
2-1: Swinging Strike
2-2: Fly out, F9 (Line Drive, 9D)
Bottom of the 7th over - 0 runs, 1 hit, 0 errors, 0 left on base; Franklin 1 - Amarillo 1
TOP OF THE 8TH
Franklin Fire batting - Pitching for Amarillo Warheads : LHP Rafael Quiñones
Batting: RHB Dan Lewis 0-0: Hit by Pitch
Batting: RHB Peter Holland 0-0: Ball
1-0: Foul Ball, location: 2F
1-1: Ball
2-1: Foul Ball, location: 2F
2-2: SINGLE (Flyball, 9S)
Dan Lewis to second
Runner from 2nd tries for 3rd, SAFE, throw made to third
Batting: RHB Djakapura Makanamaikai 0-0: Called Strike
0-1: Ball
1-1: Ball
2-1: Ball
3-1: Foul Ball, location: 2F
3-2: Foul Ball, location: 2F
3-2: Strikes out swinging
Pitching: LHP Pellervo Soisalo
Batting: LHB Mitchell Pate 0-0: Called Strike
0-1: Called Strike
0-2: Foul Ball, location: 2F
0-2: Foul Ball, location: 2F
0-2: Foul Ball, location: 2F
0-2: Foul Ball, location: 2F
0-2: Foul Ball, location: 2F
0-2: Strikes out looking
Batting: RHB Thomas Flyer 0-0: Ball
1-0: Foul Ball, location: 2F
1-1: Called Strike
1-2: Ball
2-2: Ball
3-2: Base on Balls
Peter Holland to second
Batting: RHB Ricardo Cardona 0-0: Called Strike
0-1: Ball
1-1: Ball
2-1: Ball
3-1: Base on Balls
Dan Lewis scores
Peter Holland to third
Thomas Flyer to second
Batting: LHB Wilson Hernández 0-0: Called Strike
0-1: Swinging Strike
0-2: Foul Ball, location: 2F
0-2: Foul Ball, location: 2F
0-2: Strikes out swinging
Top of the 8th over - 1 run, 1 hit, 0 errors, 3 left on base; Franklin 2 - Amarillo 1
BOTTOM OF THE 8TH
Amarillo Warheads batting - Pitching for Franklin Fire : RHP Guo-qing Mak
Batting: SHB Damien Monroe 0-0: Ball
1-0: Fly out, F4 (Line Drive, 34)
Batting: RHB Joe Rodgers 0-0: Ball
1-0: Foul Ball, location: 2F
1-1: SINGLE (Groundball, 56D)
Batting: LHB Fernando Guillén 0-0: Ball
1-0: Swinging Strike
1-1: Ball
2-1: Called Strike
2-2: Grounds into double play, 4-6-3 (Groundball, 4)
Bottom of the 8th over - 0 runs, 1 hit, 0 errors, 0 left on base; Franklin 2 - Amarillo 1
TOP OF THE 9TH
Franklin Fire batting - Pitching for Amarillo Warheads : LHP Pellervo Soisalo
Batting: RHB Shannon L. Alder 0-0: Swinging Strike
0-1: Swinging Strike
0-2: Ball
1-2: Strikes out looking
Batting: SHB Govaart Baars 0-0: Ball
1-0: Foul Ball, location: 2F
1-1: Ball
2-1: Fly out, F8 (Flyball, 8RD)
Batting: RHB Dan Lewis 0-0: SINGLE (Groundball, 6) (infield hit)
Batting: RHB Peter Holland 0-0: Called Strike
0-1: Ball
1-1: Called Strike
1-2: Strikes out swinging
Top of the 9th over - 0 runs, 1 hit, 0 errors, 1 left on base; Franklin 2 - Amarillo 1
BOTTOM OF THE 9TH
Amarillo Warheads batting - Pitching for Franklin Fire : RHP Guo-qing Mak
Batting: SHB John Wilder 0-0: Foul Ball, location: 2F
0-1: Foul Ball, location: 2F
0-2: Foul Ball, location: 2F
0-2: Foul Ball, location: 2F
0-2: Ball
1-2: Ball
2-2: Ball
3-2: SINGLE (Groundball, 3) (infield hit)
Pitching: LHP Freddy Estrada
Batting: RHB Kiyohira Kan 0-0: Called Strike
0-1: Foul Ball, location: 2F
0-2: Ball
1-2: Strikes out swinging
Batting: RHB Geoff May 0-0: Ball
1-0: Ball
2-0: Called Strike
2-1: Foul Ball, location: 2F
2-2: Ball
3-2: Foul Ball, location: 2F
3-2: SINGLE (Groundball, 34D)
John Wilder to second
Runner from 2nd tries for 3rd, SAFE, no throw
Pinch Hitting: RHB Scott Pearson 0-0: Foul Ball, location: 2F
0-1: Swinging Strike
0-2: Strikes out swinging
Batting: SHB Takechi Yamashita 0-0: Foul Ball, location: 2F
0-1: Foul Ball, location: 2F
0-2: Ball
1-2: Foul Ball, location: 2F
1-2: Ball
2-2: Fly out, F7 (Flyball, 7)
Bottom of the 9th over - 0 runs, 2 hits, 0 errors, 2 left on base; Franklin 2 - Amarillo 1
Saturday, December 22nd, 2018 - OOTP Baseball 18.8 Build 76